[Event "Early-Titled-Tuesday-Blitz-March-12-2024"]
[Site "Chess.com"]
[Date "2024.03.12"]
[Round "9"]
[White "Eloist"]
[Black "Matols"]
[Result "1-0"]
[WhiteElo "2435"]
[BlackElo "2343"]
[TimeControl "180+1"]
[EndTime "9:42:25 PDT"]
[Termination "Eloist won by resignation"]

1. e4 c6 2. Nf3 d5 3. d3 Bg4 4. h3 Bxf3 5. Qxf3 e6 6. Be2 Nf6 7. O-O Be7 8. Qg3 O-O 9. Bh6 Ne8 10. e5 Kh8 11. Be3 f5 12. d4 c5 13. c3 Nc6 14.
Nd2 Bh4 15. Qh2 f4 16. Bxf4 cxd4 17. Nf3 dxc3 18. bxc3 Nc7 19. Rab1 Rb8 20. c4 Be7 21. Rfd1 Qe8 22. Qg3 Qf7 23. Be3 Na5 24. Bxa7 Rbc8 25. Ng5 Bxg5 26. Qxg5 Nxc4 27. Rxb7 Qf5 28. Qxf5 Rxf5 29.
Bxc4 dxc4 30. Rxc7 Rcf8 31. Rdd7 Rxe5 32. Rxg7 Re1+ 33.
Kh2 Rc8 34. Rxh7+ Kg8 35. Rcg7+ Kf8 36. Rf7+ Ke8 37. Re7+ Kf8 38. Be3 c3 39. Bh6+ Kg8 40. Reg7+ 1-0

[Event "Early-Titled-Tuesday-Blitz-March-12-2024"]
[Site "Chess.com"]
[Date "2024.03.12"]
[Round "9"]
[White "SaiAgni_98"]
[Black "Bkmzzzzz"]
[Result "1-0"]
[WhiteElo "2552"]
[BlackElo "2401"]
[TimeControl "180+1"]
[EndTime "9:42:27 PDT"]
[Termination "SaiAgni_98 won by checkmate"]

1. e4 d6 2. d4 Nf6 3. Nc3 e5 4. Nf3 Nbd7 5. Bc4 Be7 6. O-O O-O 7. a4 c6 8. a5 Rb8 9. Re1 b5 10. axb6 axb6 11. Bb3 b5 12. Bg5 h6 13. Bh4 Qc7 14. Bg3 Re8 15. Qd2 Bf8 16. Rad1 Bb7 17. dxe5 dxe5 18.
Nh4 Nc5 19. Nf5 b4 20. Na4 Ncxe4 21. Qe3 c5 22. Bh4 c4 23. Ba2 Ra8 24. b3 c3 25.
Qh3 Bc8 26. Qf3 Bb7 27. Bxf6 Nxf6 28. Nxh6+ Kh7 29. Qf5+ Kxh6 30. Rd3 g6 31. Qxf6 Bc8 32. Re4 Kh5 33. Rh4# 1-0

[Event "Early-Titled-Tuesday-Blitz-March-12-2024"]
[Site "Chess.com"]
[Date "2024.03.12"]
[Round "9"]
[White "Jospem"]
[Black "platy3"]
[Result "1-0"]
[WhiteElo "3132"]
[BlackElo "2956"]
[TimeControl "180+1"]
[EndTime "9:42:29 PDT"]
[Termination "Jospem won by resignation"]

1. e4 e5 2. Nf3 Nc6 3. Nc3 Nf6 4.
h3 g6 5. Bc4 Bg7 6. d3 O-O 7.
Bg5 d6 8. Qd2 Be6 9. O-O-O Na5 10.
Bb3 Nxb3+ 11. axb3 c5 12. h4 h5 13. Nh2 Qa5 14.
Kb1 b5 15. Bxf6 Bxf6 16. Nd5 Qd8 17. Nxf6+ Qxf6 18. g4 Kh7 19. Qe2 Rg8 20. Rdg1 Qf4 21. gxh5 gxh5 22. Qxh5+ Qh6 23. Qf3 Rxg1+ 24. Rxg1 Rg8 25.
Ng4 Rxg4 26. Rxg4 Bxg4 27. Qxg4 Qf6 28. f3 Qe6 29. Qh5+ Kg7 30. Qg5+ Kh7 31. Qd8 Qh6 32. Qd7 Kg7 33. Ka2 a6 34. Qc6 Qxh4 35. Qxd6 Qf6 36. Qxc5 Qe6 37. c4 f6 38. Qd5 Qe7 39. c5 Qc7 40. b4 a5 41. c6 axb4 42.
Qd7+ 1-0

[Event "Early-Titled-Tuesday-Blitz-March-12-2024"]
[Site "Chess.com"]
[Date "2024.03.12"]
[Round "9"]
[White "agvega14"]
[Black "Resignify"]
[Result "1-0"]
[WhiteElo "2199"]
[BlackElo "2225"]
[TimeControl "180+1"]
[EndTime "9:42:30 PDT"]
[Termination "agvega14 won on time"]

1. d4 Nf6 2. c4 c5 3. d5 d6 4. Nc3 g6 5. e4 b5 6. cxb5 a6 7. bxa6 Bxa6 8. Nf3 Bxf1 9. Kxf1 Bg7 10. g3 O-O 11.
Kg2 Nbd7 12. Qc2 Qb6 13. Rb1 Rfb8 14. Bd2 Ng4 15. Rhf1 Ra7 16. b3 h5 17. h3 Ngf6 18. a4 Ne8 19. Nb5 Nc7 20. Nxc7 Rxc7 21. Bc3 Bxc3 22.
Qxc3 Qb4 23. Rfc1 Rcb7 24. Nd2 Qxc3 25. Rxc3 Rb4 26. f4 Nf6 27. Kf3 R8b7 28. Ra1 Ra7 29. Ra3 Nd7 30. Rc4 Rb6 31. a5 Rb5 32. Rca4 Ra6 33. Nc4 Kf8 34. Ke3 Ke8 35. Kd3 Kd8 36.
g4 hxg4 37. hxg4 Kc7 38. Kc3 Nf6 39. Kd3 Nxg4 40. Ra1 Rxb3+ 41. Kc2 Rb4 42. Rxb4 cxb4 43. Kb3 Nf6 44. Re1 Kb7 45. Kxb4 Nd7 46. Kb5 Nc5 47. e5 Ra8 48. exd6 exd6 49. Re7+ Kc8 50. Nb6+ Kd8 51.
Rxf7 Rb8 52. Rg7 1-0

[Event "Early-Titled-Tuesday-Blitz-March-12-2024"]
[Site "Chess.com"]
[Date "2024.03.12"]
[Round "9"]
[White "Anton_Demchenko"]
[Black "Sattarov_Bobur"]
[Result "0-1"]
[WhiteElo "2992"]
[BlackElo "2823"]
[TimeControl "180+1"]
[EndTime "9:42:32 PDT"]
[Termination "Sattarov_Bobur won by resignation"]

1. e4 e5 2. Nf3 Nc6 3. Bc4 Bc5 4. c3 Qf6 5. d4 exd4 6. O-O Nge7 7. cxd4 Nxd4 8. Nxd4 Bxd4 9. Nc3 O-O 10. Be3 Bxc3 11.
bxc3 d6 12. f4 Qxc3 13. Bd3 Nc6 14. Rc1 Qa3 15. Qd2 f5 16. e5 Be6 17. Rc3 Qa5 18.
exd6 cxd6 19. Rfc1 Rae8 20. a3 Kh8 21. Qf2 Bd5 22. h3 Re7 23. Bd2 Qa4 24. Qh4 Qd4+ 25. Kh2 Qf6 26. Qf2 Be4 27. Bf1 d5 28. Rc5 d4 29.
Bb5 Re6 30. Bc4 Rd6 31. a4 Qe7 32. a5 Rg6 33. Bf1 a6 34. R5c4 Rd8 35. Rc5 h6 36.
R5c4 Rd5 37. Ra4 Kh7 38. Re1 Qd8 39. Ra2 Nxa5 40. Rb2 b5 41. Ra2 Nc4 42. Bc1 d3 43.
Bd2 Qb6 44. Qxb6 Rxb6 45. Bc3 b4 46. Ba1 b3 47. Rf2 b2 48. Bxb2 Rxb2 49. Rxb2 Nxb2 50.
Ra1 d2 51. Be2 a5 52. Ra2 d1=Q 53. Bxd1 Nxd1 54. g4 Nc3 55. Rb2 a4 56. Rb7 Rd2+ 57. Kg3 0-1

[Event "Early-Titled-Tuesday-Blitz-March-12-2024"]
[Site "Chess.com"]
[Date "2024.03.12"]
[Round "9"]
[White "BeardedNM"]
[Black "ExchangeAB"]
[Result "1-0"]
[WhiteElo "2250"]
[BlackElo "2488"]
[TimeControl "180+1"]
[EndTime "9:42:32 PDT"]
[Termination "BeardedNM won on time"]

1. e4 c6 2. d4 d5 3. e5 Bf5 4. Nf3 e6 5. Be2 h6 6. O-O Ne7 7. Nbd2 Nd7 8. Nb3 g5 9. Ne1 Qc7 10. f4 c5 11. dxc5 Nxc5 12. fxg5 Ne4 13. Nd3 O-O-O 14.
gxh6 Bxh6 15. Nd4 a6 16. c3 Rdg8 17. Bf3 Kb8 18. Bxh6 Rxh6 19. Rc1 Nc6 20. Nxc6+ Qxc6 21. c4 dxc4 22. Nf2 Qb6 23. Rxc4 Nxf2 24. Rxf2 Rxh2 25.
Qd6+ Qxd6 26. exd6 Rhh8 27. Rc7 Rd8 28. Rxb7+ Kc8 29. Rf1 Rd7 30. Rc1+ 1-0

[Event "Early-Titled-Tuesday-Blitz-March-12-2024"]
[Site "Chess.com"]
[Date "2024.03.12"]
[Round "9"]
[White "Egor_Koshulyan"]
[Black "santosalberto1987"]
[Result "1-0"]
[WhiteElo "2759"]
[BlackElo "2574"]
[TimeControl "180+1"]
[EndTime "9:42:36 PDT"]
[Termination "Egor_Koshulyan won by resignation"]

1. e4 e6 2. d4 d5 3. e5 c5 4. c3 Qb6 5. Nf3 Nc6 6. Na3 cxd4 7. cxd4 Bxa3 8. bxa3 Nge7 9. Bd3 Qa5+ 10. Qd2 Qxd2+ 11. Bxd2 b6 12. O-O Bd7 13. Rfc1 O-O 14. Rab1 Rfc8 15. Ba6 Rc7 16. Bb4 Be8 17. Bd6 Rd7 18. Rb2 Rdd8 19.
Bb7 Rab8 20. Bxb8 Rxb8 21. Bxc6 Nxc6 22. Rbc2 Rc8 23. Nd2 Kf8 24. Nb3 Ke7 25. Kf1 Bd7 26.
Ke2 Kd8 27. Ke3 Kc7 28. Rb1 f6 29. f4 Rf8 30. Rf2 Be8 31. Rc1 Kb7 32. g4 f5 33. h3 Bd7 34. Rb2 Kc7 35. Rg2 g6 36. Nd2 Kb7 37. Nf3 Na5 38. Ng5 h6 39. Nh7 Rf7 40. Nf6 Nc4+ 41. Kf3 Bc8 42. gxf5 gxf5 43. Rg8 Rc7 44. Ke2 b5 45. Rh8 Rg7 46. Kf2 a5 47. Rxh6 Nxa3 48. Rh7 Rxh7 49. Nxh7 Nc4 50. h4 Bd7 51. Nf6 Kc7 52. h5 1-0

[Event "Early-Titled-Tuesday-Blitz-March-12-2024"]
[Site "Chess.com"]
[Date "2024.03.12"]
[Round "9"]
[White "karinachess1"]
[Black "JoliyRoger"]
[Result "1-0"]
[WhiteElo "2614"]
[BlackElo "2431"]
[TimeControl "180+1"]
[EndTime "9:42:36 PDT"]
[Termination "karinachess1 won by checkmate"]

1. d4 d5 2. c4 e6 3. Nc3 c5 4.
cxd5 cxd4 5. Qa4+ Bd7 6. Qxd4 exd5 7. Qxd5 Nc6 8. Nf3 Nf6 9. Qd1 Bb4 10. Bd2 O-O 11.
e3 Re8 12. Be2 Qe7 13. O-O Rad8 14. Qc2 Ba5 15. a3 Bc7 16. Nb5 Bb8 17. Bc3 Ne4 18.
Nbd4 h5 19. Bd3 Nxc3 20. Qxc3 Ne5 21. Be2 Rc8 22. Qb3 Nxf3+ 23. Bxf3 h4 24. Qxb7 Qe5 25.
g3 Bh3 26. Bg2 Rc7 27. Qf3 Bc8 28. Nc6 Qxb2 29. Rab1 Qc3 30. Rxb8 h3 31. Bh1 Qxa3 32. Nd4 Rc1 33. Rb1 Rxb1 34. Rxb1 Ba6 35. Qd1 Rxe3 36. Nc2 Rxg3+ 37. hxg3 Qe7 38. Ne3 g6 39. Qd4 Qc7 40.
Nd5 Qc2 41. Rb8+ Kh7 42. Qh8# 1-0

[Event "Early-Titled-Tuesday-Blitz-March-12-2024"]
[Site "Chess.com"]
[Date "2024.03.12"]
[Round "9"]
[White "Carlos-Godoy"]
[Black "crazy_m_attack"]
[Result "1-0"]
[WhiteElo "2080"]
[BlackElo "2449"]
[TimeControl "180+1"]
[EndTime "9:42:37 PDT"]
[Termination "Carlos-Godoy won by resignation"]

1. f4 d5 2. Nf3 Nf6 3. g3 g6 4. Bg2 Bg7 5. O-O O-O 6. d3 c6 7.
c3 Nbd7 8. Qe1 Qb6+ 9. Kh1 Re8 10. e4 dxe4 11. dxe4 e5 12. f5 Qa6 13. fxg6 fxg6 14. Bg5 Nc5 15. Nbd2 Nd3 16. Qe2 Bg4 17. Nb3 Rad8 18. h3 Be6 19. Nxe5 Nxe5 20. Qxa6 bxa6 21. Bxf6 Bc4 22. Rf2 Nd3 23. Rff1 Bxf6 24. Rxf6 Nxb2 25. Rxc6 Bb5 26. Rc7 Nd3 27. Nd4 Nf2+ 28. Kg1 Nxe4 29. c4 Bd7 30. Re1 Nf6 31. Rxe8+ Rxe8 32. c5 Re1+ 33.
Kf2 Rd1 34. Nf3 Rc1 35. Ne5 Bf5 36. g4 Be4 37. g5 Rc2+ 38. Ke3 Bxg2 39. gxf6 Bd5 40.
f7+ Kg7 41. Rc8 Be6 1-0

[Event "Early-Titled-Tuesday-Blitz-March-12-2024"]
[Site "Chess.com"]
[Date "2024.03.12"]
[Round "9"]
[White "ChessSwole"]
[Black "Herman-NY"]
[Result "1-0"]
[WhiteElo "2713"]
[BlackElo "2538"]
[TimeControl "180+1"]
[EndTime "9:42:38 PDT"]
[Termination "ChessSwole won by resignation"]

1. d4 Nf6 2. c4 g6 3. Nc3 Bg7 4. e4 d6 5. h3 O-O 6. Nge2 c6 7.
g4 a6 8. Ng3 b5 9. Be3 Bb7 10.
Qd2 bxc4 11. g5 Nfd7 12. Bxc4 d5 13. Bb3 e5 14. O-O-O exd4 15. Bxd4 Bxd4 16. Qxd4 c5 17. Qd2 d4 18. Nd5 Nc6 19. h4 Na5 20. h5 Nxb3+ 21. axb3 Bxd5 22. exd5 Rb8 23. Qf4 Rxb3 24. Rd2 Qa5 25. Kb1 Rfb8 26. hxg6 fxg6 27. Re2 Qc3 28. Qd2 Qc4 29. Rc1 Qd3+ 30. Qxd3 Rxd3 31. Ne4 Rb5 32. Nd6 Rb6 33. Re8+ Kg7 34. Re7+ Kf8 35. Rxd7 Rd2 36. Nc4 1-0

[Event "Early-Titled-Tuesday-Blitz-March-12-2024"]
[Site "Chess.com"]
[Date "2024.03.12"]
[Round "9"]
[White "MatthewG-p4p"]
[Black "FormerProdigy"]
[Result "1-0"]
[WhiteElo "2898"]
[BlackElo "2971"]
[TimeControl "180+1"]
[EndTime "9:42:40 PDT"]
[Termination "MatthewG-p4p won by resignation"]

1. e4 c5 2. c3 Nf6 3. e5 Nd5 4. Nf3 Nc6 5. Bc4 Nb6 6. Bb3 d5 7. exd6 Qxd6 8. O-O Be6 9. Bxe6 Qxe6 10. a4 Qd7 11. a5 Nd5 12. a6 b6 13. d4 cxd4 14.
Nxd4 e6 15. Na3 Bxa3 16. Rxa3 O-O 17. Nf3 Rfd8 18. Qe2 f6 19. Bd2 e5 20. b4 Rac8 21. Raa1 Qf5 22. Rfe1 Kh8 23. Rac1 Nf4 24. Bxf4 Qxf4 25.
Rcd1 e4 26. Rxd8+ Rxd8 27. Qxe4 Qxe4 28. Rxe4 Kg8 29. Kf1 Kf7 30. Rc4 Rd6 31. b5 Na5 32. Rc7+ Kg6 33. Rxa7 Rd5 34. Nd4 Nc4 35. Rc7 Nd2+ 36.
Ke2 Ne4 37. a7 Rd8 38. Rxg7+ Kh5 39. Rc7 h6 40. f3 Nd6 41. Rc6 Nf7 42. Rxb6 Ra8 43.
Nc6 Nd6 44. Rb8 1-0

[Event "Early-Titled-Tuesday-Blitz-March-12-2024"]
[Site "Chess.com"]
[Date "2024.03.12"]
[Round "9"]
[White "sokidze"]
[Black "Switzerlamb"]
[Result "1-0"]
[WhiteElo "2772"]
[BlackElo "2560"]
[TimeControl "180+1"]
[EndTime "9:42:40 PDT"]
[Termination "sokidze won by resignation"]

1. d4 d5 2. c4 e6 3. Nc3 Bb4 4. Nf3 Nf6 5. e3 c5 6. a3 Bxc3+ 7. bxc3 Qa5 8. Bd2 Ne4 9. Bd3 Nxd2 10. Qxd2 dxc4 11.
Bxc4 O-O 12. Bd3 cxd4 13. cxd4 Qxd2+ 14. Kxd2 Nc6 15. Rhc1 Bd7 16. Rab1 Na5 17. Be4 Rab8 18. Ne5 Ba4 19. Ke2 f6 20. Nd3 Rfc8 21. Nc5 Bc6 22. f3 Bxe4 23. fxe4 Kf7 24. Kd3 Ke7 25. Na4 b6 26.
Nc3 Nc4 27. Nb5 a6 28. Rxc4 axb5 29. Rxc8 Rxc8 30. Rxb5 Rc6 31. d5 Rc1 32. Rxb6 Ra1 33. Rxe6+ Kd7 34. Ra6 Ra2 35. Ra7+ Kd6 36. Rxg7 Rxa3+ 37. Ke2 h5 38. Rf7 Ke5 39. Re7+ Kd6 40. Re6+ 1-0

[Event "Early-Titled-Tuesday-Blitz-March-12-2024"]
[Site "Chess.com"]
[Date "2024.03.12"]
[Round "9"]
[White "el008"]
[Black "HanSchut"]
[Result "1-0"]
[WhiteElo "2521"]
[BlackElo "2326"]
[TimeControl "180+1"]
[EndTime "9:42:40 PDT"]
[Termination "el008 won by resignation"]

1. c4 Nf6 2. Nc3 d5 3. cxd5 Nxd5 4. g3 c5 5. Bg2 Nc7 6. Nf3 Nc6 7. O-O e5 8. d3 Be7 9. a3 f6 10. b3 Be6 11.
Bb2 Qd7 12. Nd2 Rc8 13. Rc1 b6 14. Re1 O-O 15. Nc4 Rfd8 16. a4 Bf8 17. Qd2 Nd4 18. Qd1 Nd5 19. e3 Nxc3 20. Bxc3 Nc6 21. Nb2 Qf7 22. Nc4 Qd7 23. Bf1 Bh3 24. Bxh3 Qxh3 25. Qc2 h5 26. e4 h4 27. Ne3 hxg3 28. fxg3 Nd4 29. Qd1 Nc6 30. Qe2 Rd7 31. Red1 Rcd8 32. Nd5 f5 33. Qf1 Qxf1+ 34. Rxf1 fxe4 35. dxe4 Nd4 36. Bxd4 cxd4 37. Rc6 Bc5 38. Kg2 Rxd5 39. exd5 d3 40. Kf3 Rf8+ 41. Kg2 Re8 42. Re6 Rxe6 43. dxe6 e4 44. b4 Bxb4 45. Rf4 d2 46. Rf1 e3 47. Kf3 Bc5 48. Ke2 a5 49. e7 Bxe7 50. Kxe3 Bg5+ 51. Ke4 Bf6 52. Kd3 Bg5 53. Kc4 Bf6 54. Rd1 Bg5 55. Kb5 Kf7 56. Kxb6 Ke6 57. Kxa5 Kd5 58. Kb4 Kd4 59. Kb3 Kd3 60. a5 Be3 61. a6 Ke2 62.
Kc2 g5 63. Rxd2+ Bxd2 64. a7 1-0

[Event "Early-Titled-Tuesday-Blitz-March-12-2024"]
[Site "Chess.com"]
[Date "2024.03.12"]
[Round "9"]
[White "DenLaz"]
[Black "Sychev_on_YouTube"]
[Result "1-0"]
[WhiteElo "3047"]
[BlackElo "2926"]
[TimeControl "180+1"]
[EndTime "9:42:41 PDT"]
[Termination "DenLaz won on time"]

1. d4 Nf6 2. c4 e6 3. Nf3 d5 4. g3 Bb4+ 5. Bd2 a5 6. Bg2 O-O 7. Qc2 c5 8. cxd5 cxd4 9. Nxd4 Qb6 10. e3 exd5 11. O-O Nc6 12. Nxc6 bxc6 13. Rc1 Bd7 14. Nc3 h5 15. Na4 Qd8 16. Bc3 h4 17. Bxf6 Qxf6 18. Nb6 Rad8 19. a3 Be7 20. Nxd7 Rxd7 21. Qxc6 Rd6 22.
Qb5 hxg3 23. hxg3 Rb6 24. Qxa5 Rxb2 25. Qe1 d4 26. Rc6 Qe5 27. exd4 Qxd4 28. Rd1 Qa7 29. Rd5 Qxa3 30. Be4 Qb4 31. Qe3 Rb3 32. Qe2 Ra3 33. Kg2 Rc3 34. Rxc3 Qxc3 35. Rd7 Bf6 36. Qh5 1-0

[Event "Early-Titled-Tuesday-Blitz-March-12-2024"]
[Site "Chess.com"]
[Date "2024.03.12"]
[Round "9"]
[White "AlmasRakhmatullaev"]
[Black "shimastream"]
[Result "0-1"]
[WhiteElo "2842"]
[BlackElo "2970"]
[TimeControl "180+1"]
[EndTime "9:42:42 PDT"]
[Termination "shimastream won by resignation"]

1. e4 e5 2. Nf3 Qe7 3. Qe2 d6 4. Nc3 c6 5. h3 g6 6. d4 Bg7 7.
Be3 Nf6 8. dxe5 dxe5 9. g3 O-O 10. Bg2 b6 11. O-O-O Nbd7 12. h4 Nc5 13. h5 Nxh5 14.
Rxh5 gxh5 15. Nh4 Bg4 16. f3 Be6 17. Rh1 Rad8 18. Bh3 Rd6 19. Nf5 Bxf5 20. Bxf5 Rfd8 21. Rxh5 h6 22. b3 Ne6 23. Qh2 Nd4 24. Bg4 Rf6 25.
Kb2 Nxf3 26. Qh1 Ng5 27. a3 b5 28. Ne2 c5 29. Nc3 b4 30. axb4 cxb4 31. Nd5 Rxd5 32. exd5 e4 33. Bd4 Rd6 34. Qg1 e3 35. Bxg7 Kxg7 36.
Qd1 Qe5+ 37. Kb1 Ra6 0-1

[Event "Early-Titled-Tuesday-Blitz-March-12-2024"]
[Site "Chess.com"]
[Date "2024.03.12"]
[Round "9"]
[White "AlexeiShirov"]
[Black "GalaxyRoman"]
[Result "1-0"]
[WhiteElo "2879"]
[BlackElo "2721"]
[TimeControl "180+1"]
[EndTime "9:42:42 PDT"]
[Termination "AlexeiShirov won by resignation"]

1. e4 e5 2. Nf3 Nc6 3. Bc4 Bc5 4.
c3 Nf6 5. d4 exd4 6. e5 d5 7. Bb5 Ne4 8. cxd4 Bb6 9. Nc3 O-O 10.
Be3 Bg4 11. h3 Bh5 12. Qc2 Bg6 13. Qb3 Ne7 14. O-O c6 15. Bd3 Nd2 16. Bxd2 Bxd3 17. Rfe1 Bg6 18. Na4 Nf5 19. Nxb6 Qxb6 20. Qc3 Rfe8 21. g4 Ne7 22. Nh4 Rac8 23. b4 Qd8 24.
Ng2 h5 25. Nf4 hxg4 26. hxg4 Be4 27. f3 Bh7 28. Kg2 Ng6 29. Nh5 Nf8 30. Rh1 Ne6 31. Rh2 Bg6 32. Ng3 f6 33. f4 Be4+ 34. Nxe4 dxe4 35. Be3 fxe5 36. dxe5 Nc7 37. Rah1 Qd5 38. f5 Kf7 39. e6+ Nxe6 40. fxe6+ Rxe6 41. Rf1+ Kg8 42. Rf5 Qd7 43. Kg3 Rg6 44. Qc4+ Qe6 45. Qxe6+ Rxe6 46. Rd2 g6 47. Rff2 Rc7 48. Rd8+ Kg7 49. Bd4+ 1-0

[Event "Early-Titled-Tuesday-Blitz-March-12-2024"]
[Site "Chess.com"]
[Date "2024.03.12"]
[Round "9"]
[White "GothamChess"]
[Black "Boorchess"]
[Result "1-0"]
[WhiteElo "2686"]
[BlackElo "2533"]
[TimeControl "180+1"]
[EndTime "9:42:44 PDT"]
[Termination "GothamChess won by resignation"]

1. e4 e5 2. Nf3 Nf6 3. d3 Nc6 4. Nbd2 g6 5. c3 Bg7 6. Be2 O-O 7. h3 a5 8. a4 d5 9. Qc2 h6 10. Nf1 Be6 11. g4 Nd7 12. Ng3 Nc5 13. Be3 d4 14. cxd4 Nb3 15. d5 Nxa1 16. Qd1 Nb4 17. dxe6 Nac2+ 18. Kf1 Nxe3+ 19. fxe3 fxe6 20. Kg2 c5 21. Qb3 Qe7 22. h4 Kh8 23. Qc4 Rf7 24. g5 h5 25. Rd1 Raf8 26. Qb5 Qd6 27. Qxa5 Qc6 28. Rc1 b6 29. Qxb4 Qa8 30. Qb3 Ra7 31. Qxe6 Qe8 32. Qxb6 Rxa4 33. Qxc5 Ra2 34. Qb6 Qb8 35. Qxg6 Rxb2 36.
Qxh5+ Kg8 37. Re1 Qb4 38. Nf5 Rxf5 39. exf5 e4 40. Qe8+ Bf8 41. Qe6+ Kh8 42. Qxe4 Qxe4 43. dxe4 Bb4 44. Kf2 Bxe1+ 45. Nxe1 1-0

[Event "Early-Titled-Tuesday-Blitz-March-12-2024"]
[Site "Chess.com"]
[Date "2024.03.12"]
[Round "9"]
[White "QuintilianoR"]
[Black "Kotofeyca"]
[Result "0-1"]
[WhiteElo "2683"]
[BlackElo "2453"]
[TimeControl "180+1"]
[EndTime "9:42:45 PDT"]
[Termination "Kotofeyca won by resignation"]

1. Nf3 d5 2. b3 c6 3. Bb2 Bg4 4. g3 Bxf3 5. exf3 e6 6. Bg2 Nf6 7. O-O g6 8. f4 Bg7 9. d3 O-O 10. Nd2 Nbd7 11. Qc1 Nh5 12. Nf3 Bxb2 13. Qxb2 Qf6 14. d4 Qe7 15. Rfe1 Rac8 16. c4 Rfd8 17. Rac1 Qd6 18. b4 dxc4 19. Rxc4 Nb6 20. Rcc1 a6 21. a3 Nd5 22. Ne5 Nhf6 23. Qe2 Nd7 24. h4 Nxe5 25.
dxe5 Qc7 26. h5 Ne7 27. Be4 Rd4 28. Kg2 Rcd8 29. Rh1 Rd2 30. Qf3 Qb6 31. hxg6 hxg6 32. Rh4 Nf5 33. Bxf5 exf5 34. Rch1 Kf8 35. Rh8+ Ke7 36.
Rxd8 Kxd8 37. Rd1 Qd4 38. Rxd2 Qxd2 39. Qb3 Ke7 40. Qf3 Ke6 41. g4 Qd5 42. gxf5+ gxf5 43. Kg3 Qxf3+ 44. Kxf3 Kd5 45. Ke3 b6 46. Kd3 c5 47. bxc5 bxc5 48. f3 c4+ 49. Kc3 Kc5 0-1

[Event "Early-Titled-Tuesday-Blitz-March-12-2024"]
[Site "Chess.com"]
[Date "2024.03.12"]
[Round "9"]
[White "mitrabhaa"]
[Black "vasblesk"]
[Result "1-0"]
[WhiteElo "2964"]
[BlackElo "2770"]
[TimeControl "180+1"]
[EndTime "9:42:48 PDT"]
[Termination "mitrabhaa won by resignation"]

1. Nf3 Nf6 2. c4 e6 3. e3 d5 4.
Nc3 c6 5. b3 Nbd7 6. Bb2 Bd6 7.
d4 O-O 8. Bd3 e5 9. cxd5 cxd5 10. dxe5 Nxe5 11. Be2 Nxf3+ 12. Bxf3 Be5 13. O-O Be6 14.
Rc1 a6 15. Na4 Bxb2 16. Nxb2 Rc8 17. Qd4 Qe7 18. Nd3 h6 19. h3 Qa3 20. Qb2 Qxb2 21.
Nxb2 g5 22. Na4 Bd7 23. Nb6 Rxc1 24. Rxc1 Bc6 25. Rd1 Rd8 26. Rd4 Kf8 27. e4 Ne8 28.
exd5 Bb5 29. a4 Rd6 30. Nc4 Bxc4 31. bxc4 Nf6 32. c5 Rd8 33. d6 Nd7 34. Rc4 Ne5 35. Rc3 Nxf3+ 36. Rxf3 Rc8 37. Re3 f6 38. Re6 f5 39. Rxh6 Rxc5 40. Rh8+ 1-0

[Event "Early-Titled-Tuesday-Blitz-March-12-2024"]
[Site "Chess.com"]
[Date "2024.03.12"]
[Round "9"]
[White "Viktoker"]
[Black "Louis-Paulsen-Fan"]
[Result "1-0"]
[WhiteElo "2498"]
[BlackElo "2269"]
[TimeControl "180+1"]
[EndTime "9:42:55 PDT"]
[Termination "Viktoker won on time"]

1. e4 Nf6 2. Nc3 e5 3. Nf3 Nc6 4. Nxe5 Nxe5 5. d4 Nxe4 6. Nxe4 Ng6 7. Bd3 Be7 8. Be3 d5 9. Ng3 Be6 10. c3 Qd7 11. Qc2 O-O-O 12. a4 Nh4 13. O-O-O Nxg2 14.
Bd2 Kb8 15. a5 a6 16. f4 Bg4 17. Rdf1 Nh4 18. f5 g6 19. f6 Bd6 20. Bf4 Bf3 21. Bxd6 Qxd6 22. Rhg1 h5 23. Kb1 Bg4 24. Re1 Nf3 25.
Rgf1 Nxe1 26. Rxe1 Rhe8 27. Rf1 Qe6 28. Ka2 Qc6 29. Qb3 Re6 30. Rc1 Rde8 31. c4 dxc4 32. Rxc4 Qd6 33. Rb4 Bf3 34. Bc4 Re3 35. Qa4 Bd5 36.
Nf1 Bxc4+ 37. Rxc4 Re1 38. Nd2 R1e2 39. Nb3 Qd5 40.
Rc5 1-0

[Event "Early-Titled-Tuesday-Blitz-March-12-2024"]
[Site "Chess.com"]
[Date "2024.03.12"]
[Round "9"]
[White "geminithegreat"]
[Black "willcab71"]
[Result "0-1"]
[WhiteElo "2197"]
[BlackElo "2140"]
[TimeControl "180+1"]
[EndTime "9:42:55 PDT"]
[Termination "willcab71 won on time"]

1. d4 Nf6 2. Bf4 g6 3. e3 Bg7 4. Nf3 O-O 5. Be2 d6 6. O-O Nbd7 7. h3 b6 8. Bh2 Bb7 9. a4 a6 10. c4 Ne4 11. Nc3 Nxc3 12. bxc3 a5 13. Qc2 Nf6 14. Bd3 Ba6 15. e4 Nd7 16. Rfd1 e5 17.
dxe5 dxe5 18. c5 Qe7 19. c6 Bxd3 20. Qxd3 Nc5 21. Qc4 Rad8 22. Rd5 Rxd5 23. exd5 Rd8 24. Re1 e4 25. Nd4 Be5 26. f4 Bd6 27. Nb5 Qf6 28.
g3 Re8 29. Kg2 g5 30. Nxd6 cxd6 31. fxg5 Qf3+ 32. Kg1 Nd3 33. Rf1 Qe3+ 34. Kg2 Qe2+ 35. Kg1 Ne5 0-1

[Event "Early-Titled-Tuesday-Blitz-March-12-2024"]
[Site "Chess.com"]
[Date "2024.03.12"]
[Round "9"]
[White "GMSrinath"]
[Black "Sam_ChessMood"]
[Result "1-0"]
[WhiteElo "2812"]
[BlackElo "2952"]
[TimeControl "180+1"]
[EndTime "9:43:01 PDT"]
[Termination "GMSrinath won on time"]

1. Nf3 d5 2. e3 c5 3. b3 Nc6 4. Bb2 Nf6 5. d4 Bg4 6. dxc5 e6 7. Nbd2 Bxc5 8. Be2 O-O 9. O-O Qe7 10. c4 Rfd8 11. cxd5 Nxd5 12. Rc1 Rac8 13. Qc2 Ncb4 14. Qb1 Bf5 15. Qa1 Nc2 16. Rxc2 Bxc2 17. Bxg7 f6 18. Bh6 Bg6 19. Bc4 Bb4 20. e4 Nb6 21. e5 Bxd2 22.
exf6 Qf7 23. Bxd2 Nxc4 24. bxc4 e5 25. Bg5 Re8 26. Nxe5 Qe6 27. Re1 Rxc4 28. h4 Bf7 29.
Re3 Ra4 30. Rg3 Kh8 31. Nxf7+ Qxf7 32. Bh6 Rxa2 33. Qc3 Ra4 34. Rg7 Qe6 35. f7 Qe1+ 36. Kh2 1-0

[Event "Early-Titled-Tuesday-Blitz-March-12-2024"]
[Site "Chess.com"]
[Date "2024.03.12"]
[Round "9"]
[White "vovachesss"]
[Black "Kielinkei"]
[Result "1-0"]
[WhiteElo "2794"]
[BlackElo "2581"]
[TimeControl "180+1"]
[EndTime "9:43:01 PDT"]
[Termination "vovachesss won by resignation"]

1. e4 c5 2. Nf3 e6 3. g3 d5 4. exd5 exd5 5. Bg2 Qe7+ 6. Kf1 Nf6 7. d4 Nc6 8. Nc3 cxd4 9. Nxd4 Qc5 10. Be3 Qc4+ 11. Kg1 Be7 12. Nb3 O-O 13. Nxd5 Nxd5 14. Bxd5 Qb4 15. a3 Qd6 16. Qf3 Ne5 17. Qe4 Bf5 18. Qg2 Bh3 19. Qe4 Rad8 20. Rd1 Qf6 21. f4 Ng4 22. Bd4 Qd6 23. c4 Rfe8 24. Qf5 Bf6 25. Qh5 Re1+ 26. Rxe1 Bxd4+ 27. Nxd4 Nf6 28. Qxh3 Nxd5 29.
cxd5 Qxd5 30. Rd1 Qe4 31. Qg2 Qe3+ 32. Qf2 Qe7 33. h3 Re8 34. Kh2 h6 35. Rhe1 Qf8 36.
Rxe8 Qxe8 37. Nf3 Qe7 38. Qd2 Kh7 39. Qd3+ g6 40. Re1 Qc7 41. Qc3 Qd7 42. Ne5 Qe6 43. Ng4 1-0

[Event "Early-Titled-Tuesday-Blitz-March-12-2024"]
[Site "Chess.com"]
[Date "2024.03.12"]
[Round "9"]
[White "ccccvhhhj"]
[Black "Yeritsyaan"]
[Result "0-1"]
[WhiteElo "2461"]
[BlackElo "2644"]
[TimeControl "180+1"]
[EndTime "9:43:01 PDT"]
[Termination "Yeritsyaan won by checkmate"]

1. e4 g6 2. d4 Bg7 3. Nc3 c6 4. f3 d5 5. Be3 h5 6. Qd2 dxe4 7. fxe4 Nh6 8. h3 Nd7 9. O-O-O a5 10. Nf3 a4 11. a3 Qa5 12. d5 c5 13. Bb5 Qb6 14. Rhe1 Kf8 15. Bxd7 Bxd7 16. e5 Nf5 17. d6 e6 18. Bg5 Qc6 19. Ne4 b5 20. Bf6 Bh6 21. Bg5 Bg7 22. Bf6 Bh6 23. Bg5 b4 24. Bxh6+ Rxh6 25. g4 bxa3 26. bxa3 hxg4 27. hxg4 Rh3 28. gxf5 exf5 29.
Neg5 Rxf3 30. Nxf3 Qxf3 31. Qe3 Qxe3+ 32. Rxe3 Kg7 33.
Rc3 Rc8 34. Rd5 c4 35. Rd4 Be6 36. Kd2 g5 37. Ke2 f4 38. Kf2 Kg6 39. d7 Rd8 40.
Rd6 Kf5 41. Rh3 Kxe5 42. Rxe6+ Kxe6 43. Rh6+ f6 44. Rh7 Rxd7 45. Rh1 Kf5 46. Rb1 Rd2+ 47. Kf3 g4# 0-1